[Event "19th Lviv Tradition 2018"]
[Site "Lviv"]
[Date "2018.01.27"]
[Round "9"]
[White "Bykovskiy, Oleg"]
[Black "Kagramanianz, Vartan"]
[Result "1-0"]
[ECO "C16"]
[WhiteElo "2197"]
[BlackElo "2247"]
[Annotator "NA"]
[PlyCount "89"]
[EventDate "2018.??.??"]
[EventType "tourn"]
[EventCountry "UKR"]
[SourceTitle "playchess.com"]
[Source "ChessBase"]
[SourceQuality "1"]
[TimeControl "5400+30"]

1. e4 e6 2. d4 d5 3. Nc3 Bb4 4. e5 Qd7 5. a3 Bxc3+ 6. bxc3 b6 7. Qg4 f5 8. Qg3 Ba6 9. Bxa6 Nxa6 10. Ne2 Kf7 11. a4 Nb8 12. h4 Ne7 13. h5 h6 14. Nf4 Nbc6 15. Ba3 Rhe8 16. Ng6 Kg8 17. Rh4 Rec8 18. Ke2 Qe8 19. Rg1 Nxg6 20. hxg6 Ne7 21. Bxe7 Qxe7 22. Rgh1 c5 23. Rxh6 gxh6 24. Rxh6 cxd4 25. Rh7 Qc7 26. Rxc7 Rxc7 27. cxd4 Rxc2+ 28. Ke1 Rac8 29. Qh4 R2c7 30. g4 f4 31. Qh6 Rg7 32. Qg5 Rf8 33. f3 Rc7 34. Qh6 Rg7 35. Kd2 Rc8 36. Kd3 a6 37. Qxf4 Rxg6 38. Qg3 Rf8 39. f4 Rf7 40. Ke3 b5 41. axb5 axb5 42. Qh4 b4 43. Qd8+ Kg7 44. g5 b3 45. Qb6 1-0

[Event "19th Lviv Tradition 2018"]
[Site "Lviv"]
[Date "2018.01.27"]
[Round "9"]
[White "Kryvoruchko, Vita"]
[Black "Bets, Anatolij"]
[Result "0-1"]
[ECO "D35"]
[WhiteElo "2192"]
[BlackElo "2266"]
[Annotator "RC"]
[PlyCount "68"]
[EventDate "2018.??.??"]
[EventType "tourn"]
[EventCountry "UKR"]
[SourceTitle "playchess.com"]
[Source "ChessBase"]
[SourceQuality "1"]
[TimeControl "5400+30"]

1. d4 Nf6 2. c4 e6 3. Nc3 d5 4. cxd5 Nxd5 5. e4 Nxc3 6. bxc3 c5 7. Nf3 cxd4 8. cxd4 Nc6 9. Bc4 b5 10. Bb3 Bb4+ 11. Bd2 Bxd2+ 12. Qxd2 O-O 13. O-O Na5 14. Bc2 Bb7 15. Rad1 Nc4 16. Qf4 Rc8 17. d5 e5 18. Qg4 Nd6 19. Bd3 f6 20. Nh4 Rc7 21. f4 Bc8 22. Qg3 exf4 23. Rxf4 Re7 24. Rdf1 Kh8 25. Kh1 Rfe8 26. e5 Rxe5 27. Ng6+ hxg6 28. Bxg6 Kg8 29. Bxe8 Qxe8 30. Rxf6 Nf5 31. Qg5 Qe7 32. Rg6 Re1 33. Qf4 Qe4 34. Rg4 Rxf1+ 0-1